 Dungeon Crawl Stone Soup version 0.30-a0-365-ge7f957f1db (webtiles) character file.

Game seed: 5462433995379793124

46 qeuew the Shield-Bearer (level 3, -1/18 (19) HPs)
             Began as a Vine Stalker Fighter on Nov 17, 2022.
             Succumbed to an adder's poison
             ... on level 2 of the Dungeon.
             The game lasted 00:01:29 (1389 turns).

qeuew the Shield-Bearer (Vine Stalker Fighter)      Turns: 1389, Time: 00:01:29

HP:   -1/18 (19)    AC:  6    Str: 17 (18) XL:     3   Next: 66%
MP:   4/4           EV:  9    Int:  5 (8)  God:
Gold: 100           SH:  0    Dex: 13 (15) Spells: 2/2 levels left

rFire   . . .      SeeInvis .    a - +0 war axe
rCold   . . .      Faith    .    c - +0 buckler
rNeg    . . .      Spirit   +    b - +0 scale mail
rPois   .          Reflect  .    (no helmet)
rElec   .          Harm     .    (no cloak)
rCorr   .          Rampage  .    (no gloves)
Will    .....                    (no boots)
Stlth   ..........               (no amulet)
HPRegen 0.23/turn                (no ring)
MPRegen 0.09/turn                (no ring)

@: confused, lethally poisoned (-1 -> -9), ambrosia-drunk, drained
A: fangs 2, magic shield, antimagic bite, no potion heal 2
a: no special abilities


You were on level 2 of the Dungeon.
You visited 1 branch of the dungeon, and saw 2 of its levels.

You collected 100 gold pieces.

Inventory:

Hand Weapons
 a - a +0 war axe (weapon)
Missiles
 f - a throwing net (quivered)
Armour
 b - a +0 scale mail (worn)
 c - a +0 buckler (worn)
Scrolls
 e - a scroll of fog {unknown}
 g - a scroll of teleportation {unknown}
Potions
 d - a potion of might


   Skills:
 + Level 2.9 Fighting
 * Level 2.5 Axes
 + Level 2.6 Armour
 + Level 0.9 Dodging
 + Level 3.0 Shields


You had 2 spell levels left.
You didn't know any spells.
Your spell library contained the following spells:

 Spells                   Type           Power      Damage    Failure   Level
 Frozen Ramparts          Ice            0%         1d1       100%        3
 Ice Form                 Ice/Tmut       0%         N/A       100%        4
 Summon Ice Beast         Ice/Summ       0%         N/A       100%        4


Dungeon Overview and Level Annotations

Branches:
Dungeon (2/15)

Altars:


Innate Abilities, Weirdness & Mutations

You have extremely sharp teeth.
When hurt, damage is shared between your health and your magic reserves.
Your bite disrupts and absorbs the magic of your enemies.
Potions cannot restore your health.


Message History

The adder poisons you! The adder bites you.
An adder is nearby!
You hit the adder but do no damage.
You feel sick.
The adder bites you but does no damage. x2
An adder is nearby!
An adder is nearby!
You closely miss the adder.
You feel sick. The adder bites you but does no damage. The adder bites you.
You are more poisoned.
The adder poisons you!
An adder is nearby!
You are too injured to fight recklessly!
An adder is nearby!
You are too injured to fight recklessly!
An adder is nearby!
You are too injured to fight recklessly!
An adder is nearby!
An adder is nearby!
You are too injured to fight recklessly!
An adder is nearby!
You are too injured to fight recklessly!
You hit the adder.
The adder is moderately wounded.
You feel very sick.
The adder bites you but does no damage. x2
You completely miss the adder.
The adder is moderately wounded.
* * * LOW HITPOINT WARNING * * *
You feel sick. The adder bites you.
* * * LOW HITPOINT WARNING * * *
You are more poisoned.
The adder poisons you! The adder bites you but does no damage.
It was a potion of ambrosia.
You are confused.
Your system rejects the healing.
You feel invigorated.
* * * LOW HITPOINT WARNING * * *
You feel sick. The adder barely misses you.
Okay, then.
You are too confused!
You die...

##.#.# ...#.####
...
........########'#
.....##........#.#
...####........#.#
.... #........#.#
.... ##.......#.#
....♣
#......S#.########
♣...♣
#........@.......#
♣♣.♣♣
#................#
#................#
#....###..>.......#
#.... ##.........#
#....# #.........#
#....# #.........#
#....# #.........#
#....#
#.........#########


You could see an adder.

Vanquished Creatures
  A dart slug (D:1)
  A ball python (D:1)
  5 bats (D:1)
  3 giant cockroaches (D:1)
  3 goblins (D:1)
  4 hobgoblins
  2 jackals (D:1)
  10 kobolds
  8 frilled lizards
  3 rats
40 creatures vanquished.

Vanquished Creatures (others)
  4 plants (D:1)
4 creatures vanquished.

Grand Total: 44 creatures vanquished

Notes
Turn   | Place    | Note
-------+----------+-------------------------------------------
     0 | D:1      | qeuew the Vine Stalker Fighter began the quest for the Orb.
     0 | D:1      | Reached XP level 1. HP: 11/11 MP: 2/2
    89 | D:1      | Reached XP level 2. HP: 16/16 MP: 3/3
   254 | D:1      | Reached XP level 3. HP: 17/19 MP: 2/4
   380 | D:1      | Reached skill level 3 in Shields
  1389 | D:2      | Succumbed to an adder's poison

Illustrated notes

Levels and vault maps discovered:
D:1:      lemuel_arrival_hallway, layout_loops_ring, minmay_misc_feat_room,
          lexackson_kobold_supper
D:2:      layout_basic, serial_shops, nicolae_shop_trees,
          uniq_crazy_yiuf_cottage

Skill      XL: |  1  2  3 |
---------------+----------+-----
Axes           | 2 |  2.5
Shields        | 3 |  3.0
Fighting       | |  2.9
Armour         | |  2.6
Dodging        | |  0.9

Action                   || total
-------------------------++-------
Melee: War axe           ||   100
       Bite              ||    20
  Use: Scroll            ||     4
       Potion            ||     2
Armor: Scale mail        ||    61
Dodge: Dodged            ||    46
Block: Buckler           ||    25

Table legend: (Time is in decaauts)
 A = Elapsed time spent in this place.
 B = Non-inter-level travel time spent in this place.
 C = Inter-level travel time spent in this place.
 D = Time resting spent in this place.
 E = Time spent auto-exploring this place.
 F = Levels seen in this place.
 G = Mean time per level.
                   A        B        C        D        E       F      G
               +--------+--------+--------+--------+--------+-----+--------+
         Total |   1432 |   1364 |     68 |    100 |   1014 |   2 |  716.0 |
       Dungeon |   1432 |   1364 |     68 |    100 |   1014 |   2 |  716.0 |
               +--------+--------+--------+--------+--------+-----+--------+

Top non-repeatable levels by time:
     D:1: 1130 daAuts
     D:2: 301 daAuts
